 Dungeon Crawl Stone Soup version 0.18.1-6-gd335043 (webtiles) character file.

35 zeroDi the Sneak (level 3, 0/18 HPs)
             Began as a Vine Stalker Assassin on May 20, 2016.
             Slain by a gnoll
             ... wielding a +0 spear
              (7 damage)
             ... on level 2 of the Dungeon.
             The game lasted 00:02:18 (1166 turns).

zeroDi the Sneak (Vine Stalker Assassin)            Turns: 1166, Time: 00:02:19

Health: 0/18       AC:  3    Str: 13    XL:     3   Next: 35%
Magic:  0/4        EV: 11    Int: 11    God:
Gold:   88         SH:  0    Dex: 16    Spells: 0 memorised, 2 levels left

rFire  . . .     SeeInvis .     a - +2 dagger
rCold  . . .     Gourm    .     c - +0 robe
rNeg   . . .     Faith    .     (no shield)
rPois  .         Spirit   +     (no helmet)
rElec  .         Dismiss  .     d - +0 cloak
rCorr  .         Reflect  .     (no gloves)
SustAt .         Harm     .     (no boots)
MR     .....                    (no amulet)
Stlth  +++.......               (no ring)
                                (no ring)

@: not resistant to hostile enchantments, fairly stealthy
A: fangs 2, regeneration 1, magic shield, antimagic bite, no device heal 3, rot
immunity
a: no special abilities


You were on level 2 of the Dungeon.
You were hungry.

You visited 1 branch of the dungeon, and saw 2 of its levels.

You collected 88 gold pieces.


Innate Abilities, Weirdness & Mutations

You have extremely sharp teeth.
Your natural rate of healing is unusually fast.
When hurt, damage is shared between your health and your magic reserves.
Your bite disrupts and absorbs the magic of your enemies.
Potions and wands cannot restore your health.
You are immune to rotting.


   Skills:
 - Level 1.7 Fighting
 + Level 3.3 Short Blades
 - Level 1.7 Throwing
 - Level 0.7 Dodging
 - Level 4.8 Stealth


You had 2 spell levels left.
You didn't know any spells.

Inventory:

Hand Weapons
 a - a +2 dagger (weapon)
 b - a +0 blowgun
Missiles
 e - 8 poisoned needles
 f - 2 curare-tipped needles {=f}
Armour
 c - a +0 robe (worn)
 d - a +0 cloak (worn)
Jewellery
 h - an uncursed ring of sustain attributes {unknown}
 p - an uncursed ring of resist corrosion {unknown}
Scrolls
 i - a scroll of random uselessness {unknown}
 j - a scroll of remove curse {unknown}
 n - 3 scrolls of noise {unknown}
Potions
 k - 2 potions of heal wounds {unknown}
 l - a potion of haste {unknown}
 o - a potion of brilliance {unknown}
Comestibles
 g - a bread ration
 m - a meat ration

Dungeon Overview and Level Annotations

Branches:
Dungeon (2/15)

Altars:

#.#.# #.#.# #.#.#
###'#'########.
#..............
#..............
#......#####... #####
#......####### ....#
#......@gg...# ....#
#......##.g..... ....##
#......# ....... .....#
#......##....... .....#
#...............
.....#####...#####.......
.....+...'...............
.....#####...............
.....# ##.........


You could see 3 gnolls.


Message History

You hit the gnoll but do no damage. You bite the gnoll. You drain its power.
The gnoll is moderately wounded.
The gnoll closely misses you.
A gnoll comes into view. It is wielding a spear.
The gnoll barely misses you.
There is an open door here.
You hit the gnoll.
The gnoll is moderately wounded.
The gnoll closely misses you.
You hit the gnoll. Your bite misses the gnoll.
The gnoll is heavily wounded.
The gnoll hits you with a whip!
* * * LOW HITPOINT WARNING * * *
The gnoll hits you from afar with a spear.
* * * LOW HITPOINT WARNING * * *
You barely miss the gnoll. Your bite misses the gnoll.
The gnoll is heavily wounded.
The gnoll hits you with a whip.
The gnoll hits you from afar with a spear!
You die...

Action                   || total
-------------------------++-------
Melee: Dagger            ||    87
       Bite              ||    16
 Stab: Sleeping          ||     5
Armor: Robe              ||    32
Dodge: Dodged            ||    62

Vault maps used:
D:1:      dpeg_arrival_round_a
D:2:      minmay_misc_feat_iff

Notes
Turn   | Place    | Note
--------------------------------------------------------------
     0 | D:1      | zeroDi the Vine Stalker Assassin began the quest for the Orb.
     0 | D:1      | Reached XP level 1. HP: 11/11 MP: 2/2
    75 | D:1      | Reached skill level 2 in Short Blades
   271 | D:1      | Reached XP level 2. HP: 15/15 MP: 3/3
   631 | D:1      | Reached skill level 3 in Short Blades
   661 | D:1      | Reached XP level 3. HP: 18/18 MP: 4/4
  1166 | D:2      | Slain by a gnoll

Vanquished Creatures
  An ooze (D:2)
  2 dart slugs
  4 goblins (D:1)
  6 hobgoblins (D:1)
  7 bats
  A giant newt (D:1)
  3 kobolds (D:1)
  4 rats
28 creatures vanquished.
